 Dungeon Crawl Stone Soup version 0.31-a0-221-gbddc013574 (webtiles) character file.

Game seed: 11130292489703910416

540 qw the Chopper (level 7, -8/43 HPs)
             Began as a Gargoyle Fighter on July 4, 2023.
             Was a Follower of Okawaru.
             Mangled by a yak (9 damage)
             ... on level 6 of the Dungeon.
             The game lasted 00:01:55 (4557 turns).

qw the Chopper (Gargoyle Fighter)                   Turns: 4557, Time: 00:01:56

Health: -8/43      AC: 23    Str: 22    XL:     7   Next: 26%
Magic:  5/7        EV: 10    Int:  8    God:    Okawaru [*.....]
Gold:   358        SH:  5    Dex:  9    Spells: 6/6 levels left

rFire   + . .        Y - +0 war axe
rCold   . . .        c - +0 buckler
rNeg    + . .        o - +0 chain mail
rPois   inf          e - +0 helmet
rElec   +            (no cloak)
rCorr   .            (no gloves)
SInv    .            (no boots)
Will    .....        (no amulet) Stlth
                     g - +4 ring of protection
HPRegen 0.27/turn    q - ring of protection from fire
MPRegen 0.10/turn

%: no passive effects
@: about to teleport, heroic
A: sickness immunity, AC +4, negative energy resistance 1, electricity
resistance, torment resistance 1, petrification resistance, iridescent scales 1,
evolution 1
a: Renounce Religion, Heroism


You were on level 6 of the Dungeon.
You worshipped Okawaru.
Okawaru was aware of your devotion.
You visited 2 branches of the dungeon, and saw 7 of its levels.

You collected 358 gold pieces.


Innate Abilities, Weirdness & Mutations

You are immune to sickness and miasma.
Your stone body is resilient. (AC +4)
You are immune to poison.
You resist negative energy. (rN+)
You are resistant to electric shocks. (rElec)
You are resistant to unholy torment.
You are immune to petrification.
You are partially covered in iridescent scales. (AC +2)
You have hidden genetic potential.


   Skills:
 - Level 4.0(9.0) Fighting
 + Level 6.1(11.1) Axes
 - Level 3.2(8.2) Armour
 - Level 2.4(7.4) Dodging
 - Level 3.2(8.2) Shields
 + Level 0.0 Invocations


You had 6 spell levels left.
You didn't know any spells.
Your spell library was empty.

Inventory:

Hand Weapons
 p - the +7 flail of the Voracious God {speed, Fragile rN++ Str+2 Int+2}
   (You found it on level 3 of the Dungeon)

   Str:       It affects your strength (+2).
   Int:       It affects your intelligence (+2).
   rN:        It greatly protects you from negative energy.
   Fragile:   It will be destroyed if unequipped.
 Y - a +0 war axe (weapon)
Missiles
 j - 2 boomerangs (quivered)
Armour
 c - a +0 buckler (worn)
 e - a +0 helmet (worn)
 o - a +0 chain mail (worn)
Jewellery
 g - a +4 ring of protection (left hand)
 k - a ring of ice
 q - a ring of protection from fire (right hand)
Scrolls
 a - a scroll of identify
 h - 2 scrolls of teleportation
 r - a scroll of revelation {unknown}
Potions
 b - a potion of haste {unknown}
 d - 3 potions of might
 f - a potion of mutation
 i - a potion of resistance
 l - a potion of cancellation
 m - a potion of lignification {unknown}
 n - a potion of invisibility {unknown}
 s - a potion of curing {unknown}

Dungeon Overview and Level Annotations

Branches:
Dungeon (6/15)             Temple (1/1) D:4

Altars:
Ashenzari
Cheibriados
Dithmenos
Elyvilon
Fedhas
Gozag
Kikubaaqudgha
Makhleb
Nemelex Xobeh
Okawaru
Ru
Sif Muna
Trog
Xom
Yredelemnul
Zin
The Shining One

Shops:
D:1 !


Message History

You hit the yak but do no damage. You hit the yak. The yak gores you.
The yak gores you but does no damage. The yak completely misses you.
You hit the yak but do no damage.
The yak is heavily wounded.
You slash the yak! x2
The yak gores you but does no damage. The yak misses you.
The yak closely misses you.
You slash the yak!
The yak is severely wounded.
You slash the yak! You hit the yak. The yak gores you but does no damage.
The yak gores you! The yak closely misses you.
You slash the yak!
You kill the yak!
Okawaru is honoured by your kill.
You can now gain great but temporary skills.
You hit the yak. You hit the yak but do no damage. The yak barely misses you.
The yak gores you but does no damage. x2
The yak gores you. x2
Your Dodging skill gained 2 levels and is now at level 2!
You have reached level 7!
4554 ||| INVOKING Heroism.
You gain the combat prowess of a mighty hero.
The yak gores you but does no damage. x3
You barely miss the yak.
The yak is severely wounded.
You hit the yak. You barely miss the yak. The yak barely misses you.
The yak gores you. The yak gores you but does no damage.
You closely miss the yak.
The yak is severely wounded.
You hit the yak. x2
The yak barely misses you. The yak gores you!
The yak gores you but does no damage.
4557 ||| READING 3 scrolls of teleportation.
As you read the scroll of teleportation, it crumbles to dust.
You feel strangely unstable. The yak gores you!
You die...

.. .. .# #
.# ..
.###...
.......
###Y?.....
#.@YY.....
#.#Y......
#.#####...
#.# . #.#
#.# ###
#.#####..
#....##.#
####.##.#


You could see 4 yaks.

Vanquished Creatures
  A yak (D:6)
  A howler monkey (D:5)
  2 hounds (D:4)
  A gnoll bouda (D:5)
  An iguana (D:5)
  An orc wizard (D:5)
  9 adders
  5 gnolls
  2 worms (D:2)
  3 dart slugs
  7 orcs
  3 bats
  4 endoplasms
  5 giant cockroaches
  11 goblins
  7 hobgoblins
  6 kobolds
  A quokka (D:1)
  8 ball pythons
  4 frilled lizards
  5 rats
87 creatures vanquished.

Notes
Turn   | Place    | Note
-------+----------+-------------------------------------------
     0 | D:1      | qw the Gargoyle Fighter began the quest for the Orb.
     0 | D:1      | Reached XP level 1. HP: 14/14 MP: 1/1
     0 | D:1      | 0 ||| qw: Version: 0.3-a-41-g9d075ac
     0 | D:1      | 0 ||| qw: Game counter: 775
     0 | D:1      | 0 ||| qw: Melee chars always use a shield: true
     0 | D:1      | 0 ||| qw: God list: Okawaru
     0 | D:1      | 0 ||| qw: Allow faded altars: false
     0 | D:1      | 0 ||| qw: Do Orc after clearing Dungeon:15 true
     0 | D:1      | 0 ||| qw: Do second Lair branch before Depths: true
     0 | D:1      | 0 ||| qw: Lair rune preference: random
     0 | D:1      | 0 ||| qw: Goals: Normal, Zot:1-4, Slime:5, God:TSO, Crypt,
                  | Tomb, Abyss, Pan, Hells, Win
     0 | D:1      | 0 ||| PLANNING D:1-11
    25 | D:1      | 25 ||| Stepping ~*~*~tactically~*~*~ (hiding).
    32 | D:1      | Reached skill level 2 in Axes
    88 | D:1      | Reached XP level 2. HP: 12/19 MP: 2/2
   113 | D:1      | 113 ||| Stepping ~*~*~tactically~*~*~ (stealth).
   114 | D:1      | 114 ||| Stepping ~*~*~tactically~*~*~ (stealth).
   286 | D:1      | Found Laloer's Distillery.
   292 | D:1      | 292 ||| SHOPLISTING potion of attraction (36 gold, have
                  | 19).
   292 | D:1      | 292 ||| SHOPLISTING potion of heal wounds (60 gold, have
                  | 19).
   360 | D:1      | Reached skill level 3 in Axes
   387 | D:1      | Reached XP level 3. HP: 23/23 MP: 3/3
   424 | D:1      | 424 ||| Stepping ~*~*~tactically~*~*~ (hiding).
   425 | D:1      | 425 ||| Stepping ~*~*~tactically~*~*~ (hiding).
   552 | D:1      | 552 ||| DROPPING +0 club.
   803 | D:1      | 803 ||| UPGRADING to +0 helmet.
   808 | D:1      | 808 ||| READING scroll labelled ZIKHUSHREXI.
   811 | D:1      | 811 ||| READING scroll labelled JYXAMI CESO.
   812 | D:1      | 812 ||| READING scroll labelled DYACRU UTEOCK.
   858 | D:2      | 858 ||| Stepping ~*~*~tactically~*~*~ (hiding).
   861 | D:2      | 861 ||| Stepping ~*~*~tactically~*~*~ (hiding).
   863 | D:2      | 863 ||| Stepping ~*~*~tactically~*~*~ (hiding).
   902 | D:2      | 902 ||| Stepping ~*~*~tactically~*~*~ (hiding).
   904 | D:2      | 904 ||| Stepping ~*~*~tactically~*~*~ (hiding).
   905 | D:2      | 905 ||| Stepping ~*~*~tactically~*~*~ (hiding).
   907 | D:2      | 907 ||| Stepping ~*~*~tactically~*~*~ (hiding).
   908 | D:2      | 908 ||| Stepping ~*~*~tactically~*~*~ (hiding).
  1031 | D:2      | Found a faded altar of an unknown god.
  1212 | D:2      | 1212 ||| Stepping ~*~*~tactically~*~*~ (stealth).
  1280 | D:2      | Reached XP level 4. HP: 28/28 MP: 4/4
  1696 | D:2      | Reached skill level 4 in Axes
  1762 | D:2      | 1762 ||| UPGRADING to +4 ring of protection.
  1912 | D:3      | 1912 ||| Stepping ~*~*~tactically~*~*~ (stealth).
  1913 | D:3      | 1913 ||| Stepping ~*~*~tactically~*~*~ (stealth).
  1914 | D:3      | 1914 ||| Stepping ~*~*~tactically~*~*~ (stealth).
  2174 | D:3      | Reached XP level 5. HP: 32/32 MP: 5/5
  2304 | D:3      | Identified the +7 flail of the Voracious God {speed,
                  | Fragile rN++ Str+2 Int+2}
  2306 | D:3      | 2306 ||| DROPPING +0 flail.
  2768 | D:3      | Found a sacrificial altar of Ru.
  2916 | D:3      | 2916 ||| UPGRADING to +0 chain mail.
  2926 | D:3      | 2926 ||| DROPPING +0 scale mail.
  2927 | D:3      | 2927 ||| UPGRADING to ring of protection from fire.
  2928 | D:3      | 2928 ||| READING scroll labelled KADGHO UVIU.
  3029 | D:3      | 3029 ||| DRINKING 2 murky yellow potions.
  3029 | D:3      | Gained mutation: You have hidden genetic potential. [potion
                  | of mutation]
  3030 | D:3      | 3030 ||| DRINKING 2 murky orange potions.
  3031 | D:3      | 3031 ||| DRINKING 2 emerald potions.
  3032 | D:3      | 3032 ||| READING 2 scrolls of identify.
  3032 | D:3      | 3032 ||| IDENTIFYING dark potion
  3033 | D:3      | 3033 ||| DROPPING potion of brilliance.
  3034 | D:3      | 3034 ||| DROPPING potion of berserk rage.
  3061 | D:4      | 3061 ||| Stepping ~*~*~tactically~*~*~ (hiding).
  3076 | D:4      | 3076 ||| Stepping ~*~*~tactically~*~*~ (stealth).
  3077 | D:4      | 3077 ||| Stepping ~*~*~tactically~*~*~ (stealth).
  3081 | D:4      | 3081 ||| Stepping ~*~*~tactically~*~*~ (stealth).
  3128 | D:4      | 3128 ||| Stepping ~*~*~tactically~*~*~ (hiding).
  3130 | D:4      | 3130 ||| Stepping ~*~*~tactically~*~*~ (hiding).
  3294 | D:4      | Reached skill level 5 in Axes
  3375 | D:4      | 3375 ||| Stepping ~*~*~tactically~*~*~ (stealth).
  3500 | D:4      | Found a staircase to the Ecumenical Temple.
  3502 | D:4      | 3502 ||| PLANNING TEMPLE
  3502 | D:4      | 3502 ||| READING scroll labelled WAOSIT SY OCSE.
  3503 | D:4      | 3503 ||| READING 2 scrolls of identify.
  3503 | D:4      | 3503 ||| IDENTIFYING clear potion
  3513 | Temple   | Entered the Ecumenical Temple
  3514 | Temple   | 3514 ||| PLANNING OKAWARU WORSHIP
  3700 | Temple   | Became a worshipper of Warmaster Okawaru
  3701 | Temple   | 3701 ||| PLANNING D:1-11
  3771 | D:4      | 3771 ||| DRINKING 2 bubbling brown potions.
  3784 | D:5      | Entered Level 5 of the Dungeon
  3792 | D:5      | Reached XP level 6. HP: 34/38 MP: 6/6
  3804 | D:5      | Gained mutation: You are partially covered in iridescent
                  | scales. (AC +2) [hidden potential]
  3809 | D:5      | HP: 9/38 [gnoll/+0 spear[a gnoll bouda] (5)]
  3810 | D:5      | 3810 ||| READING scroll of teleportation.
  3811 | D:5      | HP: 3/38 [gnoll/+0 spear[a gnoll bouda] (7)]
  3812 | D:5      | 3812 ||| DRINKING potion of heal wounds.
  3813 | D:5      | 3813 ||| FLEEEEING.
  3814 | D:5      | 3814 ||| FLEEEEING.
  3815 | D:5      | 3815 ||| FLEEEEING.
  3816 | D:5      | 3816 ||| FLEEEEING.
  3827 | D:5      | HP: 9/38 [gnoll/+0 spear[a gnoll bouda] (1)]
  3832 | D:5      | HP: 6/38 [gnoll/+0 spear[a gnoll bouda] (1)]
  4209 | D:5      | 4209 ||| Stepping ~*~*~tactically~*~*~ (stealth).
  4219 | D:5      | Reached skill level 6 in Axes
  4472 | D:5      | Found a basalt altar of Yredelemnul.
  4472 | D:5      | Found a burning altar of Makhleb.
  4479 | D:5      | 4479 ||| DROPPING amulet of magic regeneration.
  4480 | D:5      | 4480 ||| READING scroll labelled APTECYO CASY.
  4541 | D:6      | Noticed a yak
  4541 | D:6      | Noticed a yak
  4541 | D:6      | Noticed a yak
  4541 | D:6      | Noticed a yak
  4542 | D:6      | 4542 ||| Stepping ~*~*~tactically~*~*~ (stealth).
  4543 | D:6      | Noticed a yak
  4543 | D:6      | Noticed a yak
  4553 | D:6      | Killed a yak
  4553 | D:6      | Reached * piety under Okawaru
  4554 | D:6      | Reached XP level 7. HP: 11/43 MP: 7/7
  4554 | D:6      | 4554 ||| INVOKING Heroism.
  4556 | D:6      | HP: 1/43 [yak (10)]
  4557 | D:6      | 4557 ||| READING 3 scrolls of teleportation.
  4557 | D:6      | Mangled by a yak

Levels and vault maps discovered:
D:1:      shiori_arrival_maze, layout_loops_ring, serial_shops,
          nicolae_square_shop, chequers_serial_rivers_small_a
D:2:      layout_basic, shapermc_ecumenical_altar_totnotflames,
          minmay_gold_behind_fungi
D:3:      layout_basic, general_overflow_altar
D:4:      layout_rooms, minmay_temple_entry_trees
D:5:      layout_loops_cross, minitemple, nrook_pool_corridor,
          minmay_misc_feat_pillars, hangedman_abyss_or_decor_stabs
D:6:      layout_loops_ring, kennysheep_little_box, nrook_uturn, hex_tiny
Temple:   nicolae_temple_bog_church

Skill      XL: |  1  2  3  4  5  6 |
---------------+-------------------+-----
Axes           | 2 3 4 5 6 |  6.1
Fighting       | 4 |  4.0
Dodging        | 2 |  2.4
Armour         | |  3.2
Shields        | |  3.2

Action                     |  1- 3 |  4- 6 |  7- 9 || total
---------------------------+-------+-------+-------++-------
  Melee: War axe           |    86 |   177 |     2 ||   265
  Throw: Boomerang         |       |    11 |       ||    11
 Invoke: Heroism           |       |       |     1 ||     1
    Use: Scroll            |     3 |     6 |     1 ||    10
         Potion            |       |     5 |       ||     5
 Armour: Scale mail        |    34 |    43 |       ||    77
         Chain mail        |       |    90 |     5 ||    95
  Dodge: Dodged            |    39 |    64 |     2 ||   105
  Block: Buckler           |    15 |    46 |       ||    61

Table legend:
 A = Non-vault XP
 B = Vault XP
 C = Vault XP percentage of total XP
 D = Non-vault monster count
 E = Vault monster count
 F = Vault count percentage of total count
                 A         B        C        D         E       F
            +---------+---------+-------+---------+---------+-------
      Total |     769 |       3 |   0.4 |      85 |       2 |   2.3
            +---------+---------+-------+---------+---------+-------
        D:1 |      65 |       3 |   4.4 |      28 |       2 |   6.7
        D:2 |      34 |       0 |   0.0 |      10 |       0 |   0.0
        D:3 |     107 |       0 |   0.0 |      21 |       0 |   0.0
        D:4 |     108 |       0 |   0.0 |      12 |       0 |   0.0
        D:5 |     259 |       0 |   0.0 |      13 |       0 |   0.0
        D:6 |     196 |       0 |   0.0 |       1 |       0 |   0.0
            +---------+---------+-------+---------+---------+-------
